 Dungeon Crawl Stone Soup version 0.30.1-11-g7821555f0a (webtiles) character file.

Game seed: 8786493377111908205

88 safid the Conjurer (level 4, -2/28 HPs)
             Began as a Gargoyle Reaver on Dec 7, 2023.
             Killed by divine providence
             ... invoked by an orc priest
              (16 damage)
             ... on level 2 of the Dungeon.
             The game lasted 00:01:51 (847 turns).

safid the Conjurer (Gargoyle Reaver)                 Turns: 847, Time: 00:01:52

Health: -2/28      AC:  9    Str: 18    XL:     4   Next: 53%
Magic:  8/8        EV: 11    Int: 13    God:
Gold:   69         SH:  0    Dex:  8    Spells: 7/8 levels left

rFire   . . .        j - +0 hammer
rCold   . . .        (no shield)
rNeg    + . .        b - +0 leather armour
rPois   ∞            h - +2 hat
rElec   +            e - +0 cloak
rCorr   .            (no gloves)
SInv    .            (no boots)
Will    .....        (no amulet)
Stlth   +            (no ring)
HPRegen 0.24/turn    (no ring)
MPRegen 0.11/turn

%: no passive effects
@: no status effects
A: sickness immunity, AC +3, negative energy resistance 1, electricity
resistance, torment resistance 1, petrification resistance
a: no special abilities


You were on level 2 of the Dungeon.
You visited 1 branch of the dungeon, and saw 2 of its levels.

You collected 69 gold pieces.

Inventory:

Hand Weapons
 j - a +0 hammer (weapon)
Armour
 b - a +0 leather armour (worn)
 d - a +0 helmet
 e - a +0 cloak (worn)
 h - a +2 hat (worn)
Scrolls
 a - a scroll of teleportation {unknown}
 c - a scroll of blinking {unknown}
 k - a scroll of identify {unknown}
Potions
 f - a potion of curing {unknown}
 g - a potion of haste {unknown}
 i - a potion of might {unknown}


   Skills:
 + Level 3.1 Fighting
 + Level 3.6 Maces & Flails
 - Level 1.5 Dodging
 + Level 2.7 Spellcasting
 + Level 4.0 Conjurations


You had 7 spell levels left.
You knew the following spells:

 Your Spells              Type           Power      Damage    Failure   Level
a - Kiss of Death         Conj/Necr      28%        2d7       12%         1

Your spell library contained the following spells:

 Spells                   Type           Power      Damage    Failure   Level
 Momentum Strike          Conj/Tloc      14%        3d8       19%         2
 Hailstorm                Conj/Ice       7%         3d4       36%         3
 Wereblood                Tmut           1%         N/A       38%         2
 Portal Projectile        Hex/Tloc       2%         N/A       63%         3
 Tukima's Dance           Hex            1%         N/A       63%         3
 Blade Hands              Tmut           0%         N/A       100%        5
 Summon Hydra             Summ           0%         N/A       100%        7
 Sublimation of Blood     Necr           Unusable   N/A       N/A         2

Dungeon Overview and Level Annotations

Branches:
Dungeon (2/15)

Altars:

Annotations:
D:2 1 runed translucent door, Crazy Yiuf


Innate Abilities, Weirdness & Mutations

You are immune to sickness and miasma.
Your stone body is resilient. (AC +3)
You are immune to poison.
You resist negative energy. (rN+)
You are resistant to electric shocks. (rElec)
You are resistant to unholy torment.
You are immune to petrification.


Message History

Ouch! That really hurt!
Items here: )) [ ††.
The orc priest hits you with a +0 dagger.
You are too injured to fight recklessly!
You are too injured to fight recklessly!
You are too injured to fight recklessly!
You are too injured to fight recklessly!
You are too injured to fight recklessly!
You are too injured to fight recklessly!
You are too injured to fight recklessly!
You are too injured to fight recklessly!
You are too injured to fight recklessly!
You are too injured to fight recklessly!
You hit the orc priest.
The orc priest is moderately wounded.
The orc priest closely misses you.
You sock the orc priest!
The orc priest is almost dead.
The orc priest misses you.
You hit the orc priest.
You kill the orc priest!
Your Conjurations skill increases to level 4!
The orc shouts!
The orc priest shouts!
You see here a +0 dagger.
Items here: )) [ ††.
You start resting.
An orc is nearby!
The orc priest hits you but does no damage.
The orc barely misses you.
You see here a +0 dagger.
The orc attacks as you move away! The orc closely misses you.
The orc priest casts a cantrip, but nothing happens.
You barely miss the orc priest. The orc priest barely misses you.
The orc completely misses you.
You hit the orc priest.
The orc priest is lightly wounded.
The orc priest calls down the wrath of Beogh upon you.
Beogh smites you!
Ouch! That really hurt!
You die...

#
#############.#
..............##
.......o@.......
#####.)o.......
#.#.......#
#)#.#...#.#
#.#.......#
#.#.......#
#.#.......#
#.#.#...#.#
#.#.......#


You could see an orc priest and an orc.

Vanquished Creatures
  An orc priest (D:2)
  An adder (D:2)
  2 worms (D:2)
  4 dart slugs (D:1)
  2 orcs (D:2)
  4 ball pythons
  4 bats (D:1)
  2 endoplasms
  A giant cockroach (D:1)
  2 goblins
  2 hobgoblins (D:1)
  4 jackals (D:1)
  3 kobolds
  A rat (D:2)
33 creatures vanquished.

Notes
Turn   | Place    | Note
-------+----------+-------------------------------------------
     0 | D:1      | safid the Gargoyle Reaver began the quest for the Orb.
     0 | D:1      | Reached XP level 1. HP: 12/12 MP: 3/3
    26 | D:1      | Reached XP level 2. HP: 18/18 MP: 5/5
   143 | D:1      | Reached XP level 3. HP: 10/20 MP: 4/6
   731 | D:2      | Found a runed translucent door.
   732 | D:2      | Noticed Crazy Yiuf
   800 | D:2      | Reached XP level 4. HP: 27/27 MP: 7/7
   837 | D:2      | Reached skill level 4 in Conjurations
   847 | D:2      | Killed from afar by an orc priest

Illustrated notes

Levels and vault maps discovered:
D:1:      dpeg_arrival_windows_large_door, layout_basic
D:2:      cheibrodos_pilgrimage, layout_basic, serial_shops, shop,
          uniq_crazy_yiuf_cottage

Skill      XL: |  1  2  3  4 |
---------------+-------------+-----
Fighting       | 3 |  3.1
Conjurations   | 4 |  4.0
Maces & Flails | |  3.6
Dodging        | |  1.5
Spellcasting   | |  2.7

Action                     |  1- 3 |  4- 6 || total
---------------------------+-------+-------++-------
  Melee: Mace              |    83 |     7 ||    90
         Punch             |     1 |       ||     1
   Cast: Kiss of Death     |     1 |       ||     1
 Armour: Leather armour    |    33 |     2 ||    35
  Dodge: Dodged            |    57 |     7 ||    64
